Map: New Repugnancy LE

Players

TiPtOP

  • Race: Terran Terran
  • League: Silver
  • Spawn Location: 1:00

JGlaves - Winner!

  • Race: Zerg Zerg
  • League: Gold
  • Spawn Location: 7:00

VOD

Have the link to the VOD?

Description

Time

  • Played on: Aug. 16, 2019, 12:22 a.m.
  • Length: 47:12
Show
View Real Time Build Order
Export as new Build Order

TiPtOP Terran 

Build Orders: Mech 

Get SALT Encoding   

  12  0:01  SCV  
  13  0:13  SCV  
  14  0:18  Supply Depot  
  14  0:25  SCV  
  15  0:40  SCV  
  16  0:44  Barracks  
  16  0:52  SCV  
  16  0:55  Refinery  
  17  1:04  SCV  
  18  1:16  SCV  
  19  1:20  Supply Depot  
  19  1:29  SCV  
  20  1:56  Marine  
  20  1:57  Bunker  
  20  1:59  SCV  
  21  2:11  SCV  
  21  2:13  Marine  
  23  2:23  SCV  
  24  2:33  Factory  
  24  2:43  SCV  
  25  2:44  Command Center  
  25  2:46  Refinery  
  25  2:57  Orbital Command  
  25  3:10  Barracks Tech Lab  
  25  3:27  Factory Reactor  
  25  3:34  Factory  
  25  3:42  Factory  
  25  3:49  SCV  
  26  3:58  Orbital Command  
  26  4:02  SCV  
  27  4:14  SCV  
  27  4:16  Supply Depot  
  28  4:24  Factory Tech Lab  
  28  4:26  SCV  
  28  4:27  Siege Tank  
  32  4:42  Engineering Bay  
  32  4:46  Siege Tank, Armory  
  35  5:04  Siege Tank  
  38  5:26  SCV  
  39  5:38  SCV  
  40  5:47  Orbital Command  
  40  6:16  Orbital Command  
  40  6:17  SCV  
  41  6:29  SCV  
  42  6:58  Hellion x2, Thor  
  52  7:07  Supply Depot  
  52  7:12  Supply Depot  
  52  7:15  Supply Depot  
  52  7:26  Refinery  
  52  7:29  Thor  
  58  7:30  Supply Depot  
  58  7:34  SCV  
  59  7:38  Supply Depot  
  59  7:43  Terran Vehicle Weapons Level 1  
  59  7:46  SCV  
  59  7:47  Smart Servos  
  60  7:51  Refinery  
  60  7:53  Supply Depot  
  60  7:56  SCV  
  60  7:58  SCV  
  62  8:08  SCV  
  62  8:10  SCV  
  64  8:18  Thor  
  64  8:19  Hellbat x2  
  74  8:20  Factory, SCV  
  74  8:22  SCV  
  76  8:36  Hellion  
  76  8:37  Hellion  
  76  8:39  Command Center  
  76  9:13  SCV x2  
  76  9:16  Factory Tech Lab  
  76  9:17  Thor x2  
  78  9:18  Hellbat x2  
  94  9:25  SCV x2  
  96  9:39  Hellbat  
  96  9:55  Bunker  
  96  9:59  Thor  
  102  10:12  Thor x2, Command Center  
  102  10:13  Hellbat  
  116  10:18  Supply Depot  
  116  10:20  Supply Depot  
  116  10:22  Terran Vehicle And Ship Armor Level 1  
  116  10:23  Supply Depot  
  116  10:31  Armory  
  116  10:39  Hellbat x2  
  114  10:45  Orbital Command, Supply Depot  
  92  11:08  Orbital Command  
  92  11:20  Thor x2, Hellbat x3  
  110  11:27  SCV x2  
  112  11:39  SCV x2  
  107  12:11  Thor  
  107  12:12  Thor, Hellbat x3  
  123  12:20  SCV x2  
  123  12:21  SCV  
  126  12:32  SCV  
  127  12:48  Refinery  
  127  12:49  SCV x3  
  130  12:52  Refinery  
  130  13:01  SCV x3  
  133  13:10  Hellbat  
  133  13:11  Hellbat x2  
  139  13:13  SCV x3  
  142  13:23  Factory  
  142  13:25  SCV x2  
  139  13:37  SCV  
  140  13:43  Orbital Command  
  140  14:14  Thor x2, Hellbat x3  
  158  14:35  Orbital Command  
  158  14:51  SCV  
  158  14:52  Refinery  
  149  14:54  SCV  
  136  15:03  SCV  
  136  15:06  SCV  
  124  15:15  SCV  
  119  15:26  Refinery  
  119  15:27  Refinery  
  119  15:28  SCV, Orbital Command  
  120  15:44  Command Center  
  120  15:45  Hellbat x5  
  130  15:50  Factory Reactor  
  130  16:04  SCV x3  
  132  16:06  Hellbat  
  132  16:10  SCV  
  136  16:16  SCV x3  
  139  16:29  Hellbat x3  
  145  16:46  Terran Vehicle And Ship Armor Level 2  
  145  16:48  Terran Vehicle Weapons Level 2  
  145  16:51  Neosteel Armor  
  145  17:05  Missile Turret  
  145  17:13  Sensor Tower  
  111  17:34  Missile Turret  
  111  17:35  Thor x3, Hellbat x2  
  133  17:44  Orbital Command  
  127  18:26  Orbital Command  
  127  18:36  Missile Turret  
  121  18:49  Supply Depot x2  
  121  18:50  Supply Depot  
  121  18:53  Supply Depot  
  121  18:57  Refinery  
  123  19:10  Thor x3, Hellbat x3  
  123  19:11  Supply Depot  
  145  19:19  Supply Depot  
  145  19:20  Supply Depot  
  145  19:23  Refinery  
  145  19:36  Supply Depot  
  145  19:38  Missile Turret  
  145  19:44  Missile Turret  
  145  19:45  Command Center  
  145  19:47  Missile Turret  
  145  19:53  Thor  
  145  19:58  Missile Turret  
  145  19:59  Missile Turret  
  151  20:13  Thor x2, Hellbat x3  
  165  20:20  Missile Turret  
  135  20:21  Terran Vehicle And Ship Armor Level 3  
  111  20:39  SCV  
  100  20:45  Missile Turret  
  100  21:02  Hellbat x2  
  100  21:03  Hellbat  
  114  21:06  Missile Turret  
  114  21:09  Hellbat  
  114  21:12  Thor  
  114  21:15  Thor  
  122  21:19  Thor  
  126  21:31  Hellbat  
  128  21:43  Hellbat x2  
  132  21:55  Thor  
  132  21:58  Thor  
  144  22:01  Thor  
  144  22:03  SCV  
  144  22:05  SCV  
  144  22:06  SCV x2  
  154  22:12  SCV  
  154  22:15  SCV  
  156  22:18  SCV  
  157  22:24  SCV  
  158  22:30  SCV  
  158  22:33  SCV  
  158  22:36  SCV  
  161  22:37  Thor, SCV  
  161  22:41  Thor, Hellbat x4  
  161  22:42  SCV  
  183  22:44  Thor  
  183  22:45  SCV  
  183  22:48  SCV  
  183  22:49  SCV  
  190  22:57  SCV  
  175  23:01  SCV  
  175  23:02  Hellbat x2  
  176  23:06  Hellbat x2  
  158  23:20  Thor  
  158  23:24  Thor  
  170  23:27  Thor  
  158  23:42  SCV  
  153  23:54  SCV  
  148  24:03  Thor  
  148  24:06  SCV  
  155  24:10  SCV x4  
  155  24:11  Command Center  
  155  24:12  Refinery  
  155  24:13  Refinery  
  159  24:18  Thor x2, SCV  
  159  24:19  Hellbat x4  
  174  24:40  Hellbat x3  
  180  24:46  Thor  
  184  25:00  Thor x2  
  170  25:29  Thor  
  158  25:43  Thor x2  
  162  25:59  Hellbat x3  
  168  26:08  Planetary Fortress  
  168  26:12  Thor  
  170  26:26  Thor x2  
  180  26:33  Hellbat  
  180  26:34  Hellbat x2  
  180  26:54  Thor  
  186  27:07  Command Center  
  186  27:09  Thor x2  
  154  27:36  Hellbat x2  
  154  27:37  Thor, Hellbat x2  
  144  27:52  Thor x2, Starport x2  
  144  27:54  Starport  
  144  27:58  Terran Vehicle Weapons Level 3  
  156  28:00  Terran Ship Weapons Level 1  
  156  28:18  Refinery  
  156  28:20  Thor  
  156  28:22  Planetary Fortress  
  161  28:34  Thor  
  166  28:51  Hi-Sec Auto Tracking  
  166  28:55  Starport Tech Lab x3  
  166  29:29  Refinery  
  166  29:30  Refinery  
  166  29:40  Fusion Core  
  134  30:20  Starport x2  
  128  30:24  Starport  
  128  30:34  Battlecruiser x3  
  146  30:45  Weapon Refit  
  146  30:50  Starport  
  146  30:58  Starport  
  146  31:20  Command Center  
  146  31:25  Refinery, Starport Tech Lab x2  
  146  31:26  Refinery, Starport Tech Lab  
  146  31:29  Missile Turret  
  141  31:34  Starport Tech Lab  
  141  31:38  Battlecruiser x3  
  105  32:03  Starport Tech Lab  
  105  32:06  Battlecruiser x2  
  105  32:07  Battlecruiser  
  117  32:12  Command Center  
  113  32:32  Battlecruiser  
  119  32:42  Battlecruiser x2  
  119  32:43  Battlecruiser  
  135  33:11  Battlecruiser x3  
  147  33:36  Raven  
  149  33:46  Raven  
  149  33:47  Battlecruiser x2  
  151  34:15  Battlecruiser x2  
  93  35:36  Command Center  
  93  35:42  Command Center  
  89  36:04  Refinery  
  57  36:46  Widow Mine  
  57  36:47  Widow Mine x5  
  41  37:09  Missile Turret  
  40  37:25  Drilling Claws  
  40  37:30  Missile Turret  
  12  39:44  Widow Mine x4  
  18  39:47  Widow Mine  
  18  39:48  Widow Mine x2  
  12  40:40  SCV  
  13  40:52  SCV  
  14  40:59  Refinery  
  14  41:15  Refinery  
  14  41:34  SCV  
  15  41:41  Barracks Reactor  
  15  41:46  SCV  
  16  41:58  SCV  
  14  42:21  SCV  
  15  42:24  SCV  
  15  42:29  Marine x2  
  18  42:39  SCV  
  19  42:47  Marine x2  
  20  42:51  SCV  
  20  42:55  Widow Mine x3  
  26  43:03  SCV  
  26  43:04  Marine  
  26  43:05  Marine  
  29  43:22  Marine x2  
  31  43:40  Marine x2  
  33  43:58  Marine x2  
  35  44:16  Marine x2  
  34  44:33  Marine  
  34  44:34  Marine  
  28  44:55  Refinery  
  28  44:57  Refinery  
  28  45:02  Marine x2  
  30  45:14  Barracks  
  18  46:02  Barracks  
  18  46:03  Barracks Reactor  
  13  46:22  Widow Mine x2  
  13  46:23  Widow Mine  
  17  46:29  Widow Mine x4  
  25  46:44  Widow Mine  
  30  46:50  Widow Mine  
Show
View Real Time Build Order
Export as new Build Order

JGlaves Zerg - Winner!

Build Orders: Pool First 

Get SALT Encoding   

  12  0:19  Spawning Pool  
  11  0:22  Drone  
  11  0:26  Drone  
  13  0:31  Drone  
  14  0:40  Overlord  
  14  1:06  Zergling x4  
  14  1:07  Zergling x2  
  17  1:21  Zergling x2  
  18  1:27  Queen  
  18  1:29  Zergling x2  
  21  1:39  Overlord  
  21  2:02  Queen  
  23  2:22  Drone x2  
  25  2:23  Drone  
  26  2:33  Hatchery  
  25  2:46  Extractor  
  25  2:47  Drone  
  25  2:48  Drone, Extractor  
  25  2:58  Drone  
  26  3:13  Drone x4  
  30  3:29  Overlord  
  30  3:44  Lair  
  30  3:45  Overlord x2  
  30  3:49  Drone  
  30  3:51  Drone x2, Queen  
  35  4:04  Drone x3  
  38  4:14  Metabolic Boost  
  38  4:18  Drone x2  
  38  4:21  Drone  
  41  4:28  Burrow  
  41  4:39  Drone  
  41  4:42  Drone  
  43  4:47  Hatchery  
  42  4:55  Queen  
  44  5:09  Drone x5, Baneling Nest  
  44  5:10  Drone x2  
  50  5:15  Overlord  
  50  5:28  Extractor  
  50  5:32  Roach Warren, Extractor  
  50  5:35  Drone x2  
  49  5:38  Queen  
  47  6:13  Drone x3  
  47  6:14  Drone x3, Queen  
  47  6:15  Drone  
  47  6:16  Drone x11  
  67  6:19  Glial Reconstitution  
  67  6:41  Drone  
  67  6:42  Drone x5  
  73  6:48  Extractor  
  73  6:53  Extractor  
  71  6:55  Roach  
  71  6:57  Overlord x6  
  71  6:58  Overlord x2  
  73  7:20  Roach x7  
  73  7:22  Evolution Chamber  
  86  7:24  Evolution Chamber  
  86  7:27  Drone x3  
  86  7:28  Drone x3  
  91  7:31  Roach x4  
  99  7:37  Tunneling Claws  
  99  7:38  Roach x2  
  103  8:02  Hatchery  
  102  8:15  Roach  
  102  8:16  Roach x12  
  128  8:29  Drone  
  128  8:32  Roach  
  128  8:33  Roach x3  
  137  8:34  Overlord x4  
  137  8:38  Roach x27  
  137  8:53  Zerg Missile Weapons Level 1  
  137  8:54  Zerg Ground Armor Level 1  
  137  9:02  Roach  
  139  9:03  Roach x14  
  167  9:18  Roach x27  
  167  9:24  Overseer x3  
  167  9:25  Overseer  
  167  9:26  Spire  
  167  9:28  Spire, Roach  
  167  9:29  Overlord, Roach x4  
  167  9:30  Overlord  
  175  10:19  Roach x37  
  137  10:59  Zergling x10  
  137  11:00  Zergling x28  
  148  11:12  Zerg Ground Armor Level 2, Zerg Melee Weapons Level 1  
  148  11:19  Zerg Flyer Armor Level 1, Zerg Flyer Weapons Level 1  
  148  11:24  Infestation Pit  
  147  11:27  Roach x2  
  145  12:23  Corruptor  
  145  12:24  Corruptor x3  
  145  12:25  Zergling x10  
  145  12:28  Hive  
  145  12:29  Neural Parasite  
  158  12:40  Baneling  
  158  12:41  Baneling x9  
  158  12:54  Centrifical Hooks  
  158  12:57  Roach x4  
  158  12:58  Roach x5  
  176  13:06  Roach x22  
  176  13:17  Drone  
  176  13:18  Drone x6  
  176  13:19  Overlord  
  183  13:20  Overlord  
  183  13:37  Queen  
  185  13:48  Pathogen Glands  
  185  13:56  Drone x4  
  189  14:13  Queen  
  191  14:18  Infestor x3  
  191  14:19  Infestor  
  199  14:26  Baneling x8  
  199  14:27  Baneling x3  
  191  14:41  Roach x5  
  191  14:42  Roach x6  
  191  14:45  Roach x8  
  189  14:47  Roach x7  
  189  14:48  Queen  
  172  14:55  Zergling x6  
  172  14:56  Zergling x12  
  134  15:12  Zergling x6  
  95  15:32  Mutalisk x2  
  95  15:34  Zergling x2  
  95  15:35  Zergling x6  
  97  16:06  Zergling x2  
  97  16:07  Zergling x20  
  108  16:23  Infestor x3  
  108  16:24  Infestor  
  116  16:28  Hatchery  
  115  16:37  Hatchery  
  114  16:41  Infestor x5  
  124  16:53  Zergling x6  
  108  17:48  Hatchery  
  107  17:58  Extractor  
  107  18:00  Zergling x2  
  107  18:01  Zergling x20  
  107  18:02  Extractor  
  116  18:13  Extractor  
  116  18:15  Corruptor x3, Extractor  
  116  18:18  Greater Spire  
  119  18:35  Zerg Melee Weapons Level 2  
  119  18:36  Zerg Ground Armor Level 3  
  119  18:39  Adrenal Glands  
  118  19:02  Zergling x2  
  119  19:03  Zergling x30  
  119  19:09  Baneling x10  
  134  19:10  Baneling x8  
  132  19:31  Baneling x2  
  132  19:46  Brood Lord x3  
  132  19:48  Viper x2  
  132  19:52  Zergling x18  
  153  19:53  Roach  
  153  19:54  Roach x10  
  131  20:51  Drone  
  131  20:52  Drone x7  
  133  21:17  Queen  
  133  21:20  Corruptor  
  133  21:21  Corruptor x5  
  133  21:22  Corruptor  
  133  21:23  Corruptor x4  
  155  21:27  Zergling x2  
  155  21:28  Zergling x12  
  162  21:35  Baneling x4  
  162  21:36  Baneling x2  
  162  21:38  Drone  
  162  21:39  Drone x5  
  168  21:59  Corruptor x3  
  174  22:03  Brood Lord x3  
  174  22:05  Hatchery  
  174  22:06  Overlord  
  174  22:07  Overlord x9  
  174  22:08  Hatchery  
  178  22:12  Hatchery  
  178  22:14  Baneling  
  178  22:15  Baneling x12  
  177  22:16  Zergling x2  
  177  22:17  Zergling x4  
  180  22:25  Zerg Flyer Weapons Level 2  
  180  22:28  Zerg Melee Weapons Level 3, Zerg Missile Weapons Level 2  
  180  22:31  Overlord x3  
  180  22:35  Overseer x5  
  180  22:38  Overseer  
  180  22:39  Overseer x6  
  180  22:48  Hydralisk Den  
  122  23:24  Zergling x2  
  122  23:25  Zergling x34  
  137  23:28  Brood Lord  
  137  23:29  Brood Lord  
  132  24:14  Infestor x4  
  132  24:15  Infestor  
  132  24:16  Infestor x2  
  143  24:17  Hydralisk  
  143  24:18  Hydralisk x2  
  149  24:25  Roach x2  
  151  24:39  Lair  
  151  24:41  Zerg Flyer Armor Level 2  
  148  24:49  Pneumatized Carapace  
  146  24:56  Drone  
  146  24:57  Drone x8  
  146  24:59  Infestor x12, Extractor  
  154  25:00  Extractor  
  153  25:10  Extractor  
  146  25:17  Extractor  
  129  26:09  Brood Lord x3  
  132  26:36  Drone x3  
  132  26:38  Drone x3  
  132  26:39  Zergling x8  
  139  26:51  Infestor x14  
  139  26:52  Infestor x5  
  117  27:41  Drone x3  
  117  27:42  Drone x3  
  117  27:43  Drone, Hydralisk x2  
  128  27:56  Zergling x6  
  131  28:15  Drone x2  
  131  28:16  Drone x2  
  135  28:26  Extractor  
  135  28:27  Extractor  
  133  28:29  Hydralisk  
  133  28:30  Hydralisk x9  
  150  29:00  Corruptor  
  150  29:01  Corruptor x12  
  176  29:12  Grooved Spines  
  128  30:04  Zergling x2  
  128  30:05  Zergling x34  
  144  30:24  Muscular Augments  
  144  30:32  Infestor x2  
  144  30:33  Infestor  
  144  30:34  Brood Lord  
  144  30:35  Hydralisk, Brood Lord x5  
  162  30:36  Hydralisk x2  
  168  31:10  Brood Lord x3  
  174  31:17  Zergling x18  
  174  31:18  Zergling x6  
  165  32:02  Hydralisk  
  165  32:03  Zergling x2  
  165  32:04  Zergling x20  
  166  33:45  Corruptor  
  166  33:46  Corruptor x11  
  184  33:55  Baneling  
  184  33:56  Baneling x30  
  184  33:57  Baneling x3  
  184  34:02  Infestor x4  
  176  34:10  Corruptor x4  
  158  34:47  Corruptor  
  158  34:48  Corruptor x7  
  147  35:10  Queen  
  147  35:13  Queen  
  147  35:42  Infestor x5  
  149  35:44  Hydralisk  
  149  35:47  Overlord x4  
  157  36:10  Hatchery  
  154  36:29  Hatchery  
  151  36:57  Infestor  
  151  36:58  Infestor x8  
  169  37:15  Brood Lord  
  171  37:19  Viper  
  171  37:22  Zergling x2  
  175  37:23  Zergling x12  
  181  37:38  Spore Crawler  
  181  37:39  Spore Crawler x2  
  181  37:42  Spore Crawler  
  174  37:53  Zergling x14  
  174  37:55  Baneling x2  
  177  38:31  Infestor x2  
  177  38:33  Zergling x2  
  177  38:34  Zergling x18  
  190  38:39  Zerg Missile Weapons Level 3  
  187  39:09  Infestor x6  
  176  40:15  Zergling x6  
  176  40:17  Zergling x2  
  176  40:18  Drone, Zergling x2  
  182  40:48  Overseer  
  180  40:50  Extractor  
  180  40:52  Extractor  
  180  40:55  Spore Crawler  
  180  40:57  Spore Crawler x3  
  176  40:58  Overseer, Spore Crawler  
  176  40:59  Spore Crawler x2  
  176  41:00  Spore Crawler  
  176  41:02  Spore Crawler  
  169  41:05  Spine Crawler x2  
  169  41:07  Spine Crawler x3  
  169  41:08  Queen  
  169  41:10  Queen  
  168  41:12  Queen  
  168  41:13  Queen x2  
  168  41:17  Queen  
  176  41:22  Spore Crawler  
  176  41:25  Baneling x12  
  175  41:26  Baneling x17  
  175  41:33  Brood Lord  
  175  41:34  Brood Lord x3  
  175  41:39  Overseer x2  
  183  41:40  Overseer  
  183  41:44  Queen  
  183  41:46  Queen  
  187  41:48  Drone x3, Queen x3  
  187  41:49  Drone x3  
  187  41:51  Drone  
  187  41:52  Queen  
  198  41:58  Spore Crawler  
  187  42:19  Queen  
  187  42:21  Queen  
  191  42:24  Queen x3  
  191  42:28  Queen  
  199  42:48  Spine Crawler  
  199  42:50  Drone x2  
  199  42:52  Spine Crawler x4  
  199  42:53  Overseer, Spine Crawler x2  
  199  42:54  Overseer x8, Spine Crawler  
  199  42:55  Spine Crawler  
  190  44:00  Zergling x2  
  190  44:01  Zergling x16  
Tags
 
Composition
Mech
Matchup
TvZ
Opening
Pool First
Spawn Locations
Cross Positions
Add a new tag
Caveats
  • Supply blocks, unpowered buildings, or Contaminate may cause inaccurate times.
  • Supply counts are checked every 10 seconds.